12 | 0:00 | SCV | |
13 | 0:12 | SCV | |
14 | 0:24 | Supply Depot, SCV | |
15 | 0:36 | Refinery | |
15 | 0:44 | Supply Depot | |
15 | 0:46 | SCV | |
16 | 0:57 | Barracks | |
16 | 1:09 | SCV | |
17 | 1:21 | SCV | |
17 | 1:25 | Supply Depot | |
18 | 1:33 | SCV | |
19 | 1:44 | Reaper | |
19 | 1:46 | SCV | |
21 | 1:56 | Command Center | |
21 | 2:03 | SCV | |
22 | 2:14 | Bunker | |
22 | 2:16 | Marine | |
23 | 2:23 | SCV | |
24 | 2:31 | Factory | |
24 | 2:34 | Marine | |
24 | 3:14 | Marine | |
24 | 3:16 | SCV x2 | |
27 | 3:25 | Factory Tech Lab | |
27 | 3:28 | SCV x2 | |
27 | 3:32 | Marine | |
30 | 3:37 | Refinery | |
30 | 3:40 | Starport, SCV x2 | |
32 | 3:44 | Starport | |
32 | 3:47 | Refinery | |
32 | 3:48 | Refinery | |
32 | 3:52 | SCV x2 | |
34 | 3:56 | Factory Tech Lab | |
34 | 4:04 | SCV x2 | |
36 | 4:16 | SCV | |
36 | 4:17 | SCV | |
38 | 4:18 | Hyperflight Rotors | |
38 | 4:29 | Banshee | |
38 | 4:30 | Cloaking Field | |
41 | 4:33 | Orbital Command | |
41 | 4:35 | Orbital Command | |
41 | 4:43 | Banshee | |
44 | 4:46 | Factory Tech Lab | |
44 | 4:56 | Supply Depot | |
44 | 5:01 | Supply Depot, SCV | |
44 | 5:02 | SCV | |
44 | 5:04 | Barracks Tech Lab | |
46 | 5:10 | Supply Depot | |
46 | 5:14 | Supply Depot, Engineering Bay | |
46 | 5:21 | Banshee | |
46 | 5:25 | Siege Tank | |
46 | 5:27 | SCV | |
53 | 5:29 | SCV | |
54 | 5:37 | Banshee | |
54 | 5:39 | SCV | |
54 | 5:41 | SCV | |
59 | 5:51 | Missile Turret, SCV | |
59 | 5:52 | Hi-Sec Auto Tracking | |
59 | 5:53 | SCV | |
59 | 5:56 | Missile Turret | |
61 | 6:04 | Banshee | |
64 | 6:20 | Liberator | |
67 | 6:31 | Siege Tank | |
70 | 6:46 | Liberator | |
73 | 7:03 | Liberator | |
76 | 7:20 | SCV x2 | |
78 | 7:23 | Missile Turret, Command Center | |
78 | 7:28 | Fusion Core | |
78 | 7:30 | Missile Turret, Armory | |
78 | 7:32 | Missile Turret, Command Center | |
78 | 7:34 | Armory | |
78 | 8:01 | SCV x2 | |
71 | 8:13 | SCV x2 | |
70 | 8:20 | Widow Mine | |
70 | 8:23 | Battlecruiser | |
70 | 8:24 | Weapon Refit | |
70 | 8:26 | SCV x2 | |
77 | 8:27 | Terran Ship Weapons Level 1, Terran Vehicle And Ship Armor Level 1 | |
77 | 8:30 | Supply Depot | |
77 | 8:35 | Battlecruiser | |
77 | 8:38 | Supply Depot | |
83 | 8:41 | Supply Depot | |
83 | 8:42 | Widow Mine | |
82 | 8:55 | Planetary Fortress | |
79 | 9:13 | Widow Mine | |
79 | 9:15 | Planetary Fortress | |
81 | 9:27 | SCV x2 | |
83 | 9:34 | Widow Mine | |
85 | 9:39 | Battlecruiser, SCV x2 | |
85 | 9:41 | Drilling Claws | |
93 | 9:47 | Missile Turret | |
93 | 9:51 | SCV x2 | |
93 | 9:52 | Missile Turret | |
95 | 9:56 | Missile Turret, Widow Mine | |
97 | 10:00 | Missile Turret | |
97 | 10:02 | Refinery | |
97 | 10:06 | Missile Turret, SCV x2 | |
86 | 10:15 | Missile Turret | |
86 | 10:18 | SCV x2 | |
84 | 10:27 | Missile Turret | |
81 | 10:30 | SCV x2 | |
81 | 10:31 | Battlecruiser | |
89 | 10:42 | SCV x2 | |
91 | 10:44 | Battlecruiser | |
97 | 10:54 | SCV | |
97 | 10:55 | SCV | |
99 | 11:06 | SCV | |
99 | 11:07 | SCV | |
101 | 11:18 | Barracks | |
101 | 11:19 | Barracks | |
101 | 11:21 | Barracks | |
101 | 11:34 | Missile Turret | |
101 | 11:35 | Battlecruiser, SCV x2 | |
101 | 11:37 | Missile Turret | |
101 | 11:39 | SCV x2 | |
111 | 11:47 | SCV x2 | |
111 | 11:50 | Missile Turret | |
111 | 11:51 | SCV x2 | |
115 | 11:56 | Missile Turret | |
115 | 11:57 | Missile Turret | |
115 | 11:59 | SCV | |
115 | 12:00 | Missile Turret | |
116 | 12:03 | SCV x2 | |
118 | 12:09 | Refinery | |
118 | 12:12 | Missile Turret | |
119 | 12:15 | SCV x2 | |
119 | 12:20 | Sensor Tower | |
120 | 12:27 | SCV x2 | |
120 | 12:29 | Missile Turret | |
122 | 12:36 | Missile Turret, Barracks Tech Lab x2 | |
122 | 12:37 | Missile Turret | |
122 | 12:38 | Missile Turret | |
122 | 12:39 | SCV, Terran Ship Weapons Level 2 | |
122 | 12:40 | Terran Vehicle And Ship Armor Level 2, SCV | |
122 | 12:41 | Missile Turret | |
122 | 12:43 | Barracks Tech Lab | |
124 | 12:45 | Engineering Bay, Terran Infantry Weapons Level 1 | |
124 | 12:49 | Supply Depot | |
124 | 12:52 | Concussive Shells, SCV x2 | |
124 | 12:57 | Supply Depot | |
126 | 12:59 | Sensor Tower, Supply Depot | |
126 | 13:08 | SCV x4 | |
126 | 13:10 | Refinery | |
130 | 13:12 | Supply Depot | |
130 | 13:13 | Supply Depot | |
130 | 13:17 | Missile Turret | |
130 | 13:18 | Refinery | |
130 | 13:20 | SCV x2 | |
130 | 13:21 | Battlecruiser | |
130 | 13:23 | Marauder x2, Marine | |
142 | 13:34 | SCV x2 | |
142 | 13:36 | Supply Depot | |
142 | 13:40 | Supply Depot | |
144 | 13:44 | SCV x2 | |
144 | 13:46 | Supply Depot, SCV | |
147 | 13:57 | Supply Depot | |
147 | 13:58 | Supply Depot | |
147 | 13:59 | Supply Depot | |
147 | 14:03 | Supply Depot | |
147 | 14:04 | Missile Turret, Supply Depot | |
147 | 14:07 | Marine | |
147 | 14:08 | Marauder x2, Sensor Tower, Marine | |
147 | 14:09 | Combat Shield | |
153 | 14:14 | Neosteel Armor | |
153 | 14:25 | Marine x2, Factory | |
155 | 14:31 | Factory | |
155 | 14:34 | Marauder | |
155 | 14:35 | Marauder | |
159 | 14:39 | Terran Infantry Armor Level 1 | |
159 | 14:42 | Factory | |
159 | 14:43 | Marine x2, Battlecruiser | |
167 | 14:46 | Smart Servos | |
167 | 14:55 | Marine x2 | |
167 | 14:56 | Terran Vehicle Weapons Level 1 | |
169 | 15:00 | Stimpack | |
169 | 15:01 | Marine x2, Medivac | |
173 | 15:13 | Marine | |
173 | 15:14 | Marauder | |
176 | 15:19 | Marauder, Marine | |
171 | 15:31 | Marine, Medivac | |
171 | 15:35 | Marine | |
133 | 15:53 | Terran Infantry Weapons Level 2, Supply Depot | |
133 | 15:55 | Missile Turret | |
133 | 15:56 | SCV x2 | |
133 | 15:57 | SCV | |
136 | 15:58 | Supply Depot | |
136 | 16:02 | Battlecruiser x2 | |
136 | 16:03 | Thor, Factory Tech Lab x2 | |
136 | 16:04 | Factory Tech Lab | |
154 | 16:06 | Marauder | |
154 | 16:07 | Marauder x3 | |
162 | 16:15 | Missile Turret | |
162 | 16:27 | Marine x2 | |
162 | 16:28 | Marine x2 | |
166 | 16:45 | Marine x2 | |
166 | 16:46 | Thor | |
162 | 16:56 | Marauder | |
162 | 16:57 | Marauder | |
154 | 17:03 | Marine | |
154 | 17:04 | Marauder | |
157 | 17:17 | Marine x2 | |
157 | 17:18 | Thor x3 | |
157 | 17:21 | Marine | |
178 | 17:24 | Marine | |
178 | 17:28 | Thor | |
185 | 17:35 | Sensor Tower | |
185 | 17:36 | Marauder x2 | |
189 | 17:39 | Marauder | |
189 | 17:42 | Command Center, Marine | |
192 | 17:55 | Command Center | |
192 | 17:56 | Marine | |
193 | 18:00 | Thor | |
199 | 18:08 | Missile Turret, Command Center | |
199 | 18:09 | Marine | |
200 | 18:21 | Refinery x2 | |
200 | 18:25 | Terran Infantry Armor Level 2, Terran Infantry Weapons Level 3 | |
200 | 18:27 | Terran Vehicle Weapons Level 2 | |
200 | 18:28 | Terran Ship Weapons Level 3 | |
149 | 19:11 | Marauder x4 | |
149 | 19:12 | Thor x4 | |
164 | 19:32 | Marauder, Marine x3 | |
164 | 19:36 | Battlecruiser x2 | |
181 | 19:49 | Marine | |
182 | 19:54 | Planetary Fortress | |
182 | 19:55 | Thor, Planetary Fortress x2 | |
182 | 19:59 | Missile Turret | |
188 | 20:01 | Missile Turret | |
188 | 20:03 | Missile Turret | |
188 | 20:04 | Missile Turret | |
188 | 20:06 | Missile Turret | |
188 | 20:13 | Missile Turret | |
188 | 20:31 | Marauder x3, Marine | |
188 | 20:33 | Missile Turret | |
195 | 20:48 | Marine | |
196 | 20:52 | Marine x3 | |
199 | 21:09 | Terran Vehicle And Ship Armor Level 3, Terran Vehicle Weapons Level 3 | |
199 | 21:21 | Supply Depot | |
160 | 21:44 | Marauder x4 | |
136 | 21:55 | Supply Depot x2 | |
130 | 22:05 | Marauder, Marine x3 | |
135 | 22:09 | Raven x2 | |
135 | 22:12 | Thor x2 | |
149 | 22:23 | Marine x3 | |
149 | 22:26 | Marine | |
145 | 22:40 | Marine x2 | |
145 | 22:41 | Supply Depot, Marine | |
145 | 22:43 | Raven, Battlecruiser | |
145 | 22:44 | Marine | |
150 | 22:46 | Command Center | |
129 | 22:58 | Marine | |
129 | 22:59 | Marauder x2, Thor x4 | |
129 | 23:02 | Marauder | |
154 | 23:05 | Infernal Pre-Igniter | |
154 | 23:08 | Mag-Field Accelerator | |
149 | 23:16 | Marine | |
149 | 23:17 | Battlecruiser | |
156 | 23:20 | Marine x2 | |
156 | 23:23 | Marine | |
159 | 23:34 | Marine | |
159 | 23:37 | Marine | |
159 | 23:38 | Marauder | |
163 | 23:41 | Marauder | |
163 | 23:47 | Command Center | |
164 | 23:48 | Command Center | |
164 | 23:52 | Marauder | |
166 | 23:55 | Marine | |
166 | 23:59 | Refinery, Marine | |
166 | 24:02 | Refinery | |
163 | 24:12 | Missile Turret | |
162 | 24:27 | Marauder x3 | |
162 | 24:28 | Marauder | |
169 | 24:43 | Missile Turret | |
163 | 24:48 | Marine x4 | |
167 | 25:03 | Missile Turret | |
167 | 25:06 | Marauder, Marine x2 | |
173 | 25:07 | Marauder | |